Map: Gresvan LE

Players

A.I. 1 (Very Easy) - Winner!

  • Race: Protoss Protoss
  • Spawn Location: 11:00

Lonk

  • Race: Terran Terran
  • Spawn Location: 5:00

VOD

Have the link to the VOD?

Description

Time

  • Played on: April 13, 2023, 12:18 a.m.
  • Length: 13:45
Show
View Real Time Build Order
Export as new Build Order

A.I. 1 (Very Easy) Protoss - Winner!

Build Orders: 1 Gate Expand, Nexus First 

Get SALT Encoding   

  12  0:00  Probe  
  13  0:13  Probe  
  14  0:19  Pylon  
  14  0:42  Gateway  
  14  1:01  Nexus  
  14  1:20  Pylon  
  14  1:21  Zealot  
  14  1:24  Assimilator  
  16  1:35  Cybernetics Core  
  16  1:38  Probe  
  17  1:50  Probe  
  18  2:00  Assimilator, Probe  
  19  2:08  Probe  
  19  2:13  Stalker  
  19  2:14  Probe  
  23  2:23  Probe  
  23  2:27  Probe  
  23  2:29  Warp Gate  
  25  2:39  Probe  
  26  2:45  Pylon  
  26  2:46  Probe  
  27  2:53  Probe  
  28  3:00  Probe  
  28  3:04  Probe  
  30  3:13  Assimilator  
  30  3:14  Probe  
  30  3:16  Robotics Facility  
  30  3:17  Probe  
  31  3:26  Zealot  
  34  3:29  Probe  
  34  3:32  Probe  
  36  3:43  Probe  
  37  3:50  Probe  
  38  3:57  Probe  
  38  3:59  Observer  
  40  4:04  Assimilator  
  40  4:05  Probe  
  41  4:12  Probe  
  41  4:14  Observer  
  42  4:19  Probe  
  44  4:26  Probe  
  44  4:29  Pylon  
  45  4:33  Probe  
  45  4:38  Sentry  
  48  4:40  Probe  
  49  4:47  Probe  
  50  10:30  Warp Prism  
  50  10:34  Stalker  
  54  10:35  Gateway  
  54  10:37  Robotics Bay  
  54  10:39  Stargate  
  54  10:45  Pylon  
  54  10:55  Warp Prism  
  46  11:10  Stalker  
  50  11:19  Gravitic Boosters  
  50  11:27  Gateway  
  50  11:29  Nexus, Observer  
  51  11:46  Zealot  
  53  12:02  Gravitic Drive  
  53  12:12  Immortal  
  57  12:48  Assimilator  
  57  12:53  Assimilator  
Show
View Real Time Build Order
Export as new Build Order

Lonk Terran 

Build Orders:  

Get SALT Encoding   

  12  0:00  SCV  
  13  0:12  SCV  
  14  0:18  Supply Depot  
  14  0:29  SCV  
  15  0:41  SCV  
  16  0:52  Barracks  
  16  0:53  SCV  
  17  1:05  SCV  
  17  1:06  Refinery  
  17  1:09  Refinery  
  18  1:18  SCV  
  19  1:30  SCV  
  21  1:47  Command Center  
  20  1:54  Supply Depot  
  20  1:57  Orbital Command  
  20  2:02  Barracks Reactor  
  20  2:16  Engineering Bay  
  20  2:29  Engineering Bay  
  20  2:30  SCV  
  21  2:42  SCV  
  22  2:45  Marine  
  22  2:47  Marine  
  24  2:54  SCV  
  24  2:56  Supply Depot  
  25  3:00  Terran Infantry Weapons Level 1  
  25  3:05  Terran Infantry Armor Level 1  
  25  3:06  SCV  
  26  3:18  Orbital Command  
  26  3:19  SCV  
  27  3:26  Factory  
  27  3:29  Reaper  
  28  3:49  Marine  
  28  3:50  SCV x2  
  31  4:02  SCV x2  
  33  4:11  Starport  
  33  4:12  Factory Tech Lab  
  33  4:14  SCV x2  
  35  4:23  Supply Depot  
  35  4:24  Barracks Tech Lab  
  35  4:26  SCV x2  
  37  4:36  Supply Depot  
  37  4:38  SCV  
  37  4:39  SCV  
  39  4:48  Refinery  
  39  4:49  Refinery  
  39  4:50  SCV  
  39  4:51  SCV  
  39  4:52  Starport Tech Lab  
  41  4:57  Armory  
  41  5:00  Supply Depot  
  41  5:02  Armory  
  41  5:03  SCV  
  41  5:05  Armory  
  42  5:09  Neosteel Armor  
  42  5:10  Hi-Sec Auto Tracking  
  42  5:23  Supply Depot  
  42  5:24  Hellion  
  44  5:38  Command Center  
  44  5:45  Widow Mine, SCV x2  
  44  5:46  Supply Depot  
  48  5:52  Terran Vehicle And Ship Armor Level 1  
  48  5:57  SCV  
  48  5:58  SCV  
  50  6:06  Terran Ship Weapons Level 1  
  50  6:07  Terran Vehicle Weapons Level 1  
  50  6:09  SCV, Supply Depot  
  51  6:13  Terran Infantry Weapons Level 2  
  51  6:19  SCV  
  51  6:22  SCV  
  53  6:31  Supply Depot  
  53  6:35  SCV x2  
  55  6:42  Cyclone  
  58  6:47  SCV x2  
  58  6:49  Terran Infantry Armor Level 2, Marauder  
  58  6:51  Viking  
  64  6:59  SCV x2  
  67  7:03  Planetary Fortress  
  67  7:08  Refinery x2  
  66  7:11  SCV  
  66  7:12  SCV  
  66  7:14  Siege Tank  
  71  7:22  Fusion Core  
  71  7:24  SCV x2  
  73  7:36  SCV  
  74  7:42  Fusion Core, SCV x2  
  76  7:47  Fusion Core  
  76  7:48  SCV  
  77  7:54  SCV x2, Supply Depot  
  79  8:00  Ghost Academy, Terran Vehicle And Ship Armor Level 2  
  79  8:02  Terran Vehicle Weapons Level 2  
  79  8:16  Supply Depot  
  79  8:21  Terran Ship Weapons Level 2, Command Center  
  79  8:27  Refinery  
  79  8:29  Refinery  
  79  8:33  SCV x3  
  82  8:39  Supply Depot  
  82  8:45  SCV x3  
  85  8:51  Rapid Reignition System, Weapon Refit, Advanced Ballistics  
  85  8:53  Personal Cloaking  
  85  8:57  SCV  
  86  9:02  Supply Depot  
  86  9:07  Bunker  
  86  9:08  Sensor Tower  
  88  9:10  Hellbat, Missile Turret  
  88  9:12  Ghost  
  90  9:26  Supply Depot  
  90  9:31  Thor  
  96  9:32  SCV x3  
  99  9:44  Terran Infantry Weapons Level 3, Terran Infantry Armor Level 3  
  99  10:04  Viking  
  101  10:21  Terran Vehicle Weapons Level 3  
  101  10:34  Medivac  
  103  10:47  Terran Ship Weapons Level 3  
  103  11:04  Liberator  
  106  11:13  Supply Depot  
  106  11:17  Infernal Pre-Igniter  
  106  11:20  Cloaking Field  
  106  11:27  Combat Shield  
  106  11:47  Raven  
  106  11:48  SCV x2  
  110  12:21  Banshee  
Tags
 
Add a new tag
Caveats
  • Supply blocks, unpowered buildings, or Contaminate may cause inaccurate times.
  • Supply counts are checked every 10 seconds.